SNL (28 & UNDER)
WICHITA WRANGLERS @ SANTA FE DIABLOS
08/04/2025
 
TOP OF THE 1ST
Wichita Wranglers batting - Pitching for Santa Fe Diablos : RHP Christian Camden
Pitching: RHP Christian Camden
Batting: RHB Tom Howe 0-0: Called Strike
0-1: Ball
1-1: Swinging Strike
1-2: Strikes out looking
Batting: RHB Ed Watkins 0-0: Ball
1-0: Swinging Strike
1-1: Called Strike
1-2: Foul Ball, location: 2F
1-2: Foul Ball, location: 2F
1-2: Foul Ball, location: 2F
1-2: Strikes out swinging
Batting: RHB Bob Hall 0-0: Swinging Strike
0-1: Ball
1-1: Swinging Strike
1-2: Ground out 4-3 (Groundball, 4)
Top of the 1st over - 0 run(s), 0 hit(s), 0 error(s), 0 left on base; Wichita 0 - Santa Fe 0
BOTTOM OF THE 1ST
Santa Fe Diablos batting - Pitching for Wichita Wranglers : RHP George Lockhart
Pitching: RHP George Lockhart
Batting: RHB Henning Huisman 0-0: SINGLE (Line Drive, 6D)
Batting: RHB Roberto Zamora 0-0: Ball
1-0: Called Strike
1-1: Swinging Strike
1-2: Ball
2-2: Strikes out looking
Batting: RHB Murai Ishihara 0-0: Ball
1-0: Ball
Henning Huisman steals 2nd base
2-0: SINGLE (Groundball, 4D)
Henning Huisman to third
Runner from 3rd tries for Home, SAFE, no throw or cutoff
Batting: RHB Iván Gonzáles 0-0: Ball
1-0: Ball
2-0: Foul Ball, location: 2F
2-1: Swinging Strike
2-2: Strikes out swinging
Murai Ishihara steals 2nd base
Batter strikes out.
Batting: RHB Robert Johnson 0-0: Foul Ball, location: 2F
0-1: Fly out, F9 (Line Drive, 9M)
Bottom of the 1st over - 1 run(s), 2 hit(s), 0 error(s), 1 left on base; Wichita 0 - Santa Fe 1
TOP OF THE 2ND
Wichita Wranglers batting - Pitching for Santa Fe Diablos : RHP Christian Camden
Batting: RHB Don Thomas 0-0: Ball
1-0: DOUBLE (Flyball, 89XD)
Batting: RHB Desi Thompson 0-0: Called Strike
0-1: Called Strike
0-2: Hit by Pitch
Batting: RHB Doug Delaney 0-0: Called Strike
0-1: Foul Ball, location: 2F
0-2: Fly out, F7 (Flyball, 7LM)
Batting: RHB James Stevens 0-0: Ball
1-0: Called Strike
1-1: Fly out, F8 (Line Drive, 8RM)
Batting: RHB Werner Watkins 0-0: Ball
1-0: Called Strike
1-1: Ball
2-1: Ball
3-1: Foul Ball, location: 2F
3-2: Strikes out swinging
Top of the 2nd over - 0 run(s), 1 hit(s), 0 error(s), 2 left on base; Wichita 0 - Santa Fe 1
BOTTOM OF THE 2ND
Santa Fe Diablos batting - Pitching for Wichita Wranglers : RHP George Lockhart
Batting: LHB John Nicholson 0-0: Ball
1-0: Ball
2-0: Ground out 4-3 (Groundball, 34)
Batting: RHB John Dinkins 0-0: Foul Ball, location: 2F
0-1: Foul Ball, location: 2F
0-2: Ball
1-2: Ground out 5-3 (Groundball, 5L)
Batting: LHB Don Soper 0-0: Called Strike
0-1: DOUBLE (Line Drive, 7LM)
Batting: RHB Bill Finley 0-0: Ball
1-0: Ball
2-0: Ball
3-0: Base on Balls
Batting: RHB Henning Huisman 0-0: Foul Ball, location: 2F
0-1: Swinging Strike
0-2: Ball
1-2: Strikes out looking
Bottom of the 2nd over - 0 run(s), 1 hit(s), 0 error(s), 2 left on base; Wichita 0 - Santa Fe 1
TOP OF THE 3RD
Wichita Wranglers batting - Pitching for Santa Fe Diablos : RHP Christian Camden
Batting: RHB Dave Henderson 0-0: Foul Ball, location: 2F
0-1: Ball
1-1: Ball
2-1: SINGLE (Line Drive, 89S)
Batting: RHB Tom Howe 0-0: Called Strike
0-1: Ball
1-1: Foul Ball, location: 2F
1-2: Ball
2-2: Ball
3-2: Strikes out looking
Batting: RHB Ed Watkins 0-0: Ball
1-0: Ball
2-0: Ball
3-0: Called Strike
3-1: Called Strike
3-2: Foul Ball, location: 2F
3-2: SINGLE (Flyball, 8RS)
Dave Henderson to second
Batting: RHB Bob Hall 0-0: Ball
1-0: Ball
2-0: Ball
3-0: Base on Balls
Dave Henderson to third
Ed Watkins to second
Batting: RHB Don Thomas 0-0: Ball
Wild Pitch!
Dave Henderson scores
Ed Watkins to third
Bob Hall to second
1-0: Called Strike
1-1: Ground out 6-3 (Groundball, 6M)
Ed Watkins scores
Bob Hall to third
Batting: RHB Desi Thompson 0-0: Called Strike
0-1: DOUBLE (Flyball, 89XD)
Bob Hall scores
Batting: RHB Doug Delaney 0-0: Foul Ball, location: 2F
0-1: Foul Ball, location: 2F
0-2: Strikes out swinging
Top of the 3rd over - 3 run(s), 3 hit(s), 0 error(s), 1 left on base; Wichita 3 - Santa Fe 1
BOTTOM OF THE 3RD
Santa Fe Diablos batting - Pitching for Wichita Wranglers : RHP George Lockhart
Batting: RHB Roberto Zamora 0-0: Fly out, F3 (Popup, 23F)
Batting: RHB Murai Ishihara 0-0: Ball
1-0: Ball
2-0: Called Strike
2-1: Fly out, F5 (Line Drive, 5L)
Batting: RHB Iván Gonzáles 0-0: Ground out 5-3 (Groundball, 5L)
Bottom of the 3rd over - 0 run(s), 0 hit(s), 0 error(s), 0 left on base; Wichita 3 - Santa Fe 1
TOP OF THE 4TH
Wichita Wranglers batting - Pitching for Santa Fe Diablos : RHP Christian Camden
Batting: RHB James Stevens 0-0: Ball
1-0: Ground out 4-3 (Groundball, 4)
Batting: RHB Werner Watkins 0-0: Swinging Strike
0-1: Ball
1-1: SINGLE (Groundball, 4D)
Batting: RHB Dave Henderson 0-0: Ball
Werner Watkins steals 2nd base
1-0: Foul Ball, location: 2F
1-1: Ground out 3-1 (Groundball, 34)
Werner Watkins to third
Batting: RHB Tom Howe 0-0: Ball
1-0: Foul Ball, location: 2F
1-1: Fly out, F9 (Flyball, 89M)
Top of the 4th over - 0 run(s), 1 hit(s), 0 error(s), 1 left on base; Wichita 3 - Santa Fe 1
BOTTOM OF THE 4TH
Santa Fe Diablos batting - Pitching for Wichita Wranglers : RHP George Lockhart
Batting: RHB Robert Johnson 0-0: Foul Ball, location: 2F
0-1: Ball
1-1: SINGLE (Groundball, 6)
Batting: LHB John Nicholson 0-0: Foul Ball, location: 2F
0-1: Fly out, F8 (Flyball, 8LD)
Batting: RHB John Dinkins 0-0: Ball
1-0: Called Strike
1-1: Ball
2-1: Ball
3-1: Base on Balls
Robert Johnson to second
Batting: LHB Don Soper 0-0: Ball
1-0: Ball
2-0: Foul Ball, location: 2F
2-1: Foul Ball, location: 2F
2-2: Ball
3-2: Base on Balls
Robert Johnson to third
John Dinkins to second
Batting: RHB Bill Finley 0-0: Foul Ball, location: 2F
0-1: Swinging Strike
0-2: Strikes out swinging
Batting: RHB Henning Huisman 0-0: Called Strike
0-1: Swinging Strike
0-2: Ball
1-2: Strikes out looking
Bottom of the 4th over - 0 run(s), 1 hit(s), 0 error(s), 3 left on base; Wichita 3 - Santa Fe 1
TOP OF THE 5TH
Wichita Wranglers batting - Pitching for Santa Fe Diablos : RHP Christian Camden
Batting: RHB Ed Watkins 0-0: Ball
1-0: Called Strike
1-1: Foul Ball, location: 2F
1-2: Fly out, F7 (Flyball, 8LM)
Batting: RHB Bob Hall 0-0: Foul Ball, location: 2F
0-1: Ball
1-1: Ball
2-1: Ball
3-1: Fly out, F4 (Popup, 4MD)
Batting: RHB Don Thomas 0-0: SOLO HOME RUN (Line Drive, 7D), Distance : 349 ft
Batting: RHB Desi Thompson 0-0: Foul Ball, location: 2F
0-1: Foul Ball, location: 2F
0-2: Ball
1-2: Ball
2-2: SOLO HOME RUN (Flyball, 89XD), Distance : 401 ft
Batting: RHB Doug Delaney 0-0: Ball
1-0: Ball
2-0: Foul Ball, location: 2F
2-1: Fly out, F9 (Flyball, 89M)
Top of the 5th over - 2 run(s), 2 hit(s), 0 error(s), 0 left on base; Wichita 5 - Santa Fe 1
BOTTOM OF THE 5TH
Santa Fe Diablos batting - Pitching for Wichita Wranglers : RHP George Lockhart
Batting: RHB Roberto Zamora 0-0: Fly out, F2 (Popup, 2RF)
Batting: RHB Murai Ishihara 0-0: Fly out, F9 (Flyball, 9D)
Batting: RHB Iván Gonzáles 0-0: Ground out 6-3 (Groundball, 6M)
Bottom of the 5th over - 0 run(s), 0 hit(s), 0 error(s), 0 left on base; Wichita 5 - Santa Fe 1
TOP OF THE 6TH
Wichita Wranglers batting - Pitching for Santa Fe Diablos : RHP Christian Camden
Pitching: RHP Tomás Rodríguez
Batting: RHB James Stevens 0-0: Called Strike
0-1: Foul Ball, location: 2F
0-2: Ball
1-2: Ball
2-2: Strikes out looking
Batting: RHB Werner Watkins 0-0: Ball
1-0: Swinging Strike
1-1: Called Strike
1-2: Strikes out swinging
Batting: RHB Dave Henderson 0-0: Ball
1-0: Ground out 5-3 (Groundball, 5L)
Top of the 6th over - 0 run(s), 0 hit(s), 0 error(s), 0 left on base; Wichita 5 - Santa Fe 1
BOTTOM OF THE 6TH
Santa Fe Diablos batting - Pitching for Wichita Wranglers : RHP George Lockhart
Batting: RHB Robert Johnson 0-0: Ball
1-0: Ball
2-0: Foul Ball, location: 2F
2-1: Foul Ball, location: 2F
2-2: Foul Ball, location: 2F
2-2: Foul Ball, location: 2F
2-2: Ground out 5-3 (Groundball, 56S)
Batting: LHB John Nicholson 0-0: Foul Ball, location: 2F
0-1: Foul Ball, location: 2F
0-2: Foul Ball, location: 2F
0-2: Foul Ball, location: 2F
0-2: Foul Ball, location: 2F
0-2: Strikes out looking
Batting: RHB John Dinkins 0-0: Called Strike
0-1: Swinging Strike
0-2: Ball
1-2: Ball
2-2: Ball
3-2: Base on Balls
Batting: LHB Don Soper 0-0: Ball
1-0: Called Strike
1-1: Foul Ball, location: 2F
1-2: Ball
2-2: Strikes out swinging
Bottom of the 6th over - 0 run(s), 0 hit(s), 0 error(s), 1 left on base; Wichita 5 - Santa Fe 1
TOP OF THE 7TH
Wichita Wranglers batting - Pitching for Santa Fe Diablos : RHP Tomás Rodríguez
Batting: RHB Tom Howe 0-0: Called Strike
0-1: Ball
1-1: Swinging Strike
1-2: Strikes out looking
Batting: RHB Ed Watkins 0-0: Ball
1-0: Called Strike
1-1: Fly out, F7 (Flyball, 7D)
Batting: RHB Bob Hall 0-0: Called Strike
0-1: Foul Ball, location: 2F
0-2: Ball
1-2: Strikes out swinging
Top of the 7th over - 0 run(s), 0 hit(s), 0 error(s), 0 left on base; Wichita 5 - Santa Fe 1
BOTTOM OF THE 7TH
Santa Fe Diablos batting - Pitching for Wichita Wranglers : RHP George Lockhart
Batting: RHB Bill Finley 0-0: Ball
1-0: Called Strike
1-1: Foul Ball, location: 2F
1-2: Ground out 1-3 (Groundball, 23)
Pitching: RHP Reginaldo Coscia
Batting: RHB Henning Huisman 0-0: Ball
1-0: Called Strike
1-1: Foul Ball, location: 2F
1-2: Strikes out swinging
Batting: RHB Roberto Zamora 0-0: Ball
1-0: Ball
2-0: Ball
3-0: Base on Balls
Batting: RHB Murai Ishihara 0-0: Called Strike
0-1: Ball
1-1: Fielders Choice at 2nd, 5-4 (Groundball, 56)
Bottom of the 7th over - 0 run(s), 0 hit(s), 0 error(s), 0 left on base; Wichita 5 - Santa Fe 1
TOP OF THE 8TH
Wichita Wranglers batting - Pitching for Santa Fe Diablos : RHP Tomás Rodríguez
Pitching: LHP Albert Alonzo
Batting: RHB Don Thomas 0-0: Called Strike
0-1: Ball
1-1: Called Strike
1-2: Strikes out swinging
Batting: RHB Desi Thompson 0-0: Ball
1-0: Reached on error, E4 (Groundball, 4)
Batting: RHB Doug Delaney 0-0: Ball
1-0: Ball
2-0: SINGLE (Groundball, 4M)
Desi Thompson to third
Runner from 3rd tries for Home, SAFE, no throw or cutoff
Batting: RHB James Stevens 0-0: Ball
Doug Delaney steals 2nd base
1-0: Ball
2-0: Ball
3-0: Foul Ball, location: 2F
3-1: Swinging Strike
3-2: Strikes out swinging
Batting: RHB Werner Watkins 0-0: Ball
1-0: Foul Ball, location: 2F
1-1: Called Strike
1-2: Strikes out swinging
Top of the 8th over - 1 run(s), 1 hit(s), 1 error(s), 1 left on base; Wichita 6 - Santa Fe 1
BOTTOM OF THE 8TH
Santa Fe Diablos batting - Pitching for Wichita Wranglers : RHP Reginaldo Coscia
Batting: RHB Iván Gonzáles 0-0: Called Strike
0-1: Ball
1-1: Swinging Strike
1-2: Foul Ball, location: 2F
1-2: Ball
2-2: Ball
3-2: Foul Ball, location: 2F
3-2: Base on Balls
Batting: RHB Robert Johnson 0-0: Foul Ball, location: 2F
0-1: Ball
1-1: Ball
2-1: Grounds into double play, 5-4-3 (Groundball, 5)
Batting: LHB John Nicholson 0-0: Ball
1-0: Ball
2-0: Ball
3-0: Called Strike
3-1: Called Strike
3-2: Foul Ball, location: 2F
3-2: Base on Balls
Batting: RHB John Dinkins 0-0: Foul Ball, location: 2F
0-1: Ball
1-1: Ball
2-1: Fly out, F4 (Popup, 4D)
Bottom of the 8th over - 0 run(s), 0 hit(s), 0 error(s), 1 left on base; Wichita 6 - Santa Fe 1
TOP OF THE 9TH
Wichita Wranglers batting - Pitching for Santa Fe Diablos : LHP Albert Alonzo
Batting: RHB Dave Henderson 0-0: Ball
1-0: SINGLE (Groundball, 6MD) (infield hit)
Batting: RHB Tom Howe 0-0: Foul Ball, location: 2F
0-1: Ball
1-1: 2-RUN HOME RUN (Flyball, 7LD), Distance : 323 ft
Batting: RHB Ed Watkins 0-0: Ball
1-0: Called Strike
1-1: Ball
2-1: Foul Ball, location: 2F
2-2: Ball
3-2: SINGLE (Groundball, 56D)
Batting: RHB Bob Hall 0-0: Ball
1-0: Ball
2-0: Called Strike
2-1: Foul Ball, location: 2F
2-2: Strikes out swinging
Batting: RHB Don Thomas 0-0: Ball
Ed Watkins is caught stealing 2nd base
1-0: Fly out, F9 (Flyball, 9S)
Top of the 9th over - 2 run(s), 3 hit(s), 0 error(s), 0 left on base; Wichita 8 - Santa Fe 1
BOTTOM OF THE 9TH
Santa Fe Diablos batting - Pitching for Wichita Wranglers : RHP Reginaldo Coscia
Now at C: Carlos Flores
Batting: LHB Don Soper 0-0: Ball
1-0: Ball
2-0: Swinging Strike
2-1: Ball
3-1: Base on Balls
Pitching: RHP Craig Adams
Batting: RHB Bill Finley 0-0: Ball
1-0: Called Strike
1-1: SINGLE (Line Drive, 78M)
Don Soper to second
Batting: RHB Henning Huisman 0-0: Foul Ball, location: 2F
0-1: Ball
1-1: Foul Ball, location: 2F
1-2: Ball
2-2: Strikes out looking
Batting: RHB Roberto Zamora 0-0: Foul Ball, location: 2F
0-1: Swinging Strike
0-2: Foul Ball, location: 2F
0-2: Foul Ball, location: 2F
0-2: Ball
1-2: Strikes out swinging
Batting: RHB Murai Ishihara 0-0: Called Strike
0-1: Ground out 1-3 (Groundball, 15S)
Bottom of the 9th over - 0 run(s), 1 hit(s), 0 error(s), 2 left on base; Wichita 8 - Santa Fe 1
This league is powered by Out of the Park Baseball, the baseball management simulation game for PC, Mac and Linux
Tuesday, August 2nd, 2016 - OOTP Baseball 16.8 Build 38